 Dungeon Crawl Stone Soup version 0.21.1-1-g345015f (webtiles) character file.

318 Fang the Chopper (level 6, -1/39 HPs)
             Began as a Gargoyle Berserker on June 1, 2018.
             Was a Believer of Trog.
             Killed from afar by an orc wizard (6 damage)
             ... with a magic dart
             ... on level 4 of the Dungeon.
             The game lasted 00:03:35 (2944 turns).

Fang the Chopper (Gargoyle Berserker)               Turns: 2944, Time: 00:03:36

Health: -1/39      AC:  6    Str: 18    XL:     6   Next: 45%
Magic:  6/6        EV: 12    Int:  8    God:    Trog [**....]
Gold:   113        SH:  0    Dex:  9    Spells: 5/5 levels left

rFire    . . .     SeeInvis .   a - +0 hand axe
rCold    . . .     Gourm    .   (no shield)
rNeg     + . .     Faith    .   b - +0 animal skin
rPois    ∞         Spirit   .   (no helmet)
rElec    +         Reflect  .   (no cloak)
rCorr    .         Harm     .   (no gloves)
MR       +....                  (no boots)
Stlth    +.........             (no amulet)
HPRegen  0.13/turn              t - ring of protection from magic
MPRegen  0.10/turn              n - -4 ring of strength (curse)

@: berserk cooldown, slowed, very slow
A: negative energy resistance 1, electricity resistance, unbreathing,
petrification resistance, rot immunity, AC +4
a: Berserk, Trog's Hand, Burn Spellbooks, Renounce Religion


You were on level 4 of the Dungeon.
You worshipped Trog.
Trog was pleased with you.
You were near starving.

You visited 1 branch of the dungeon, and saw 4 of its levels.

You collected 113 gold pieces.

Inventory:

Hand Weapons
 a - a +0 hand axe (weapon)
Armour
 b - a +0 animal skin (worn)
Jewellery
 i - an uncursed ring of resist corrosion
 n - a cursed -4 ring of strength (right hand)
 p - an uncursed ring of wizardry
 t - a ring of protection from magic (left hand)
Wands
 k - a wand of paralysis (7)
 q - a wand of disintegration (18)
Scrolls
 d - 3 scrolls of identify {unknown}
 f - 3 scrolls of remove curse {unknown}
 g - 2 scrolls of enchant weapon {unknown}
 h - a scroll of noise {unknown}
 j - a scroll of amnesia {unknown}
 o - a scroll of immolation {unknown}
 r - a scroll of teleportation {unknown}
Potions
 e - a potion of invisibility {unknown}
 l - a potion of curing {unknown}
 m - 2 potions of heal wounds {unknown}
 s - a potion of lignification {unknown}
Comestibles
 c - 4 rations


   Skills:
 + Level 4.5 Fighting
 + Level 5.1 Axes
 + Level 2.3 Armour
 + Level 2.6 Dodging
 + Level 1.0 Stealth


You had 5 spell levels left.
You didn't know any spells.

Dungeon Overview and Level Annotations

Branches:
Dungeon (4/15)             Temple (0/1) D:4

Altars:
Nemelex Xobeh
Ru


Innate Abilities, Weirdness & Mutations

You are resistant to torment.
Your stone body is resilient. (AC +4)
You are immune to poison.
You resist negative energy. (rN+)
You are resistant to electric shocks. (rElec)
You can survive without breathing.
You are immune to petrification.
You are immune to rotting.


Message History

Your Stealth skill increases to level 1!
You closely miss the phantom.
The orc wizard hits you with a dagger of venom.
The phantom hits you but does no damage.
You are no longer berserk.
You are exhausted.
You feel yourself slow down.
You see here an orc corpse.
Unknown command.
The phantom barely misses you.
The orc wizard hits you but does no damage.
The phantom hits you but does no damage.
Items here: )) [[ †† The orc wizard hits you with a dagger of venom.
The phantom hits you!
* * * LOW HITPOINT WARNING * * *
The phantom blinks!
The orc wizard casts a spell at you. The magic dart hits you!
You die...

.......# #####
.......#####...# ....
...............# ....
#..............# .....
#.............######....
........................
.....#....#####.....#.
.....#...##♣ ##.)..#
.........#♣...♣#@)..####
.........#♣.>..'o§.......
.#.......#♣...♣#.........
.#.......##♣♣ #.........
.#........# ...W......
.#.........# .......#+#.
.#........... .......+
.#......####.........#
.........


You could see a phantom and an orc wizard.

Vanquished Creatures
  The ghost of snha the Slasher, an amateur CeWr (D:3)
  2 hounds (D:4)
  An orc wizard (D:3)
  2 gnolls (D:1)
  4 adders
  An ooze (D:1)
  2 worms (D:2)
  4 dart slugs
  8 orcs
  2 giant cockroaches (D:2)
  2 goblins
  10 hobgoblins
  10 jackals
  A quokka (D:3)
  3 ball pythons
  5 bats
  A frilled lizard (D:1)
  5 kobolds
  7 rats
71 creatures vanquished.

Notes
Turn   | Place    | Note
-------+----------+-------------------------------------------
     0 | D:1      | Fang the Gargoyle Berserker began the quest for the Orb.
     0 | D:1      | Reached XP level 1. HP: 14/14 MP: 1/1
    78 | D:1      | Reached XP level 2. HP: 17/19 MP: 2/2
    80 | D:1      | Reached skill level 3 in Axes
   473 | D:1      | Reached XP level 3. HP: 24/24 MP: 3/3
  1088 | D:2      | Reached XP level 4. HP: 26/29 MP: 4/4
  1464 | D:2      | Reached ** piety under Trog
  1648 | D:2      | Reached skill level 4 in Axes
  1764 | D:3      | Found a sparkling altar of Nemelex Xobeh.
  1933 | D:3      | Reached XP level 5. HP: 15/33 MP: 5/5
  2211 | D:3      | Noticed snha's ghost (amateur CeWr)
  2229 | D:3      | Killed snha's ghost
  2229 | D:3      | Reached XP level 6. HP: 12/39 MP: 6/6
  2667 | D:3      | Found a sacrificial altar of Ru.
  2848 | D:4      | Reached skill level 5 in Axes
  2912 | D:4      | Noticed a phantom
  2938 | D:4      | Found a staircase to the Ecumenical Temple.
  2941 | D:4      | Reached skill level 1 in Stealth
  2944 | D:4      | Killed from afar by an orc wizard

Skill      XL: |  1  2  3  4  5  6 |
---------------+-------------------+-----
Axes           | 3 4 5 |  5.1
Fighting       | 4 |  4.5
Dodging        | 2 |  2.6
Stealth        | 1 |  1.0
Armour         | |  2.3

Action                   |  1- 3 |  4- 6 || total
-------------------------+-------+-------++-------
Melee: Hand axe          |    55 |   157 ||   212
Invok: Berserk           |     2 |     4 ||     6
 Stab: Sleeping          |       |     1 ||     1
  Eat: Chunk             |     2 |     5 ||     7
       Ration            |       |     1 ||     1
Armor: Animal skin       |    19 |    74 ||    93
Dodge: Dodged            |    49 |   101 ||   150
